 Dungeon Crawl Stone Soup version 0.15-a0-1485-g692b94f (webtiles) character file.

149 Crauler the Slasher (level 5, -1/54 HPs)
             Began as a Halfling Berserker on June 14, 2014.
             Was a Believer of Trog.
             Slain by a sky beast (5 damage)
             ... on Level 3 of the Dungeon.
             The game lasted 00:10:11 (2782 turns).

Crauler the Slasher (Halfling Berserker)            Turns: 2782, Time: 00:10:12

HP  -1/54        AC  5     Str 22      XL: 5   Next: 56%
MP   5/5         EV 12     Int  7      God: Trog [**....]
Gold 45          SH  0     Dex 14      Spells:  0 memorised,  4 levels left

rFire  . . .     SeeInvis .     a - +0 falchion
rCold  . . .     Clarity  .     d - +0 ring mail
rNeg   . . .     rCorr    .     (no shield)
rPois  .         rRot     .     (no helmet)
rElec  .         Spirit   .     (no cloak)
SustAb .         Warding  .     (no gloves)
rMut   .         Stasis   .     (no boots)
Gourm  .                        (no amulet)
MR     .....                    (no ring)
                                t - ring of stealth

@: berserking, very quick, not resistant to hostile enchantments, extremely
unstealthy
A: mutation resistance 1
a: Burn Spellbooks, Berserk, Trog's Hand, Renounce Religion


You were on level 3 of the Dungeon.
You worshipped Trog.
Trog was pleased with you.
You were hungry.

You visited 1 branch of the dungeon, and saw 3 of its levels.

You collected 45 gold pieces.

Inventory:

Hand weapons
 a - a +0,+0 falchion (weapon)
 q - a +1,+0 sling
Missiles
 m - 31 stones (quivered)
Armour
 d - a +0 ring mail (worn)
Comestibles
 c - 3 bread rations
 i - a meat ration
 p - a slice of pizza
Scrolls
 e - 3 scrolls of remove curse {unknown}
 h - 2 scrolls of identify {unknown}
 j - 2 scrolls of immolation {unknown}
 n - a scroll of random uselessness {unknown}
 o - 3 scrolls of fog {unknown}
 r - a scroll of enchant armour {unknown}
 s - 2 scrolls of enchant weapon II {unknown}
 u - 2 scrolls of noise {unknown}
 v - a scroll of teleportation {unknown}
Jewellery
 t - a ring of stealth (left hand)
Potions
 b - 3 potions of curing {unknown}
 f - a potion of heal wounds {unknown}
 g - a potion of lignification {unknown}
 k - a potion of degeneration {unknown}
 l - a potion of poison {unknown}


   Skills:
 + Level 3.2 Fighting
 * Level 4.1 Long Blades
 + Level 1.9 Slings
 + Level 2.8 Armour
 + Level 3.2 Dodging
 + Level 1.3 Stealth


You had 4 spell levels left.
You didn't know any spells.

Dungeon Overview and Level Annotations

Branches:
Dungeon (3/15)

Altars:
Nemelex Xobeh
Qazlal
Vehumet
Zin


Innate Abilities, Weirdness & Mutations

You are small and have problems with some larger weapons.
You are somewhat resistant to further mutation.


Message History

The sky beast is severely wounded.
The sky beast barely misses you.
You miss the sky beast.
The sky beast is severely wounded.
The sky beast closely misses you.
Use which ability? (? or * to list)
A red film seems to cover your vision as you go berserk!
You feel yourself moving faster!
You feel mighty!
You feel somewhat more hungry. The sky beast hits you.
* * * LOW HITPOINT WARNING * * *
The sky beast shocks you.
* * * LOW HITPOINT WARNING * * *
You slash the sky beast!
The sky beast is almost dead.
The sky beast flickers out of sight!
Deactivating autopickup; reactivate with Ctrl-A.
Something hits you.
* * * LOW HITPOINT WARNING * * *
Something shocks you.
You die...

.# #...#.#.....)........###
##########.##.................#
............#..#.##...#########
#..............#.....##
....#####....#...#..##
.)..#####.##.#...#.##
..........##.......#
..........#....#{###
.............###@#
.####.......###..#
.##...........#.##
................#
#........##...###
.......#........#
#......###......#
...#...)....)...#
#.......##.######


There were no monsters in sight!

Vanquished Creatures
  An orc wizard (D:3)
  Terence (D:2)
  4 adders
  A worm (D:3)
  3 giant geckos
  6 orcs
  A ball python (D:3)
  7 bats
  7 hobgoblins
  6 jackals (D:2)
  A giant cockroach (D:2)
  6 goblins
  9 kobolds
  8 rats
61 creatures vanquished.

Vanquished Creatures (others)
  2 bats (D:2)
2 creatures vanquished.

Grand Total: 63 creatures vanquished

Notes
Turn   | Place    | Note
--------------------------------------------------------------
     0 | D:1      | Crauler, the Halfling Berserker, began the quest for the Orb.
     0 | D:1      | Reached XP level 1. HP: 15/15 MP: 1/1
   105 | D:1      | Reached XP level 2. HP: 10/20 MP: 2/2
   772 | D:2      | Reached XP level 3. HP: 21/25 MP: 3/3
   776 | D:2      | Noticed Terence
   776 | D:2      | Acquired Trog's second power
   786 | D:2      | Killed Terence
   825 | D:2      | Found a sparkling altar of Nemelex Xobeh.
   962 | D:2      | Reached XP level 4. HP: 16/30 MP: 4/4
  1013 | D:2      | Found a glowing silver altar of Zin.
  1149 | D:2      | Found a radiant altar of Vehumet.
  1360 | D:2      | Found a stormy altar of Qazlal.
  1942 | D:3      | Reached skill level 1 in Stealth
  2095 | D:3      | Reached skill level 4 in Long Blades
  2102 | D:3      | Reached skill level 1 in Slings
  2102 | D:3      | Reached XP level 5. HP: 11/36 MP: 5/5
  2481 | D:3      | Noticed a sky beast
  2782 | D:3      | Slain by a sky beast

Action                   |  1- 3 |  4- 6 || total
-------------------------+-------+-------++-------
Melee: Falchion          |    97 |   163 ||   260
Invok: Berserk           |     1 |     1 ||     2
       Trog's Hand       |     1 |     1 ||     2
 Stab: Sleeping          |       |     1 ||     1
